 Dungeon Crawl Stone Soup version 0.19.4 (webtiles) character file.

221 JeffiDaFish the Covered (level 5, -4/33 HPs)
             Began as a Gargoyle Fighter on Feb 4, 2017.
             Slain by a wight
             ... wielding a +3 spear
              (8 damage)
             ... on level 6 of the Dungeon.
             The game lasted 00:06:25 (2388 turns).

JeffiDaFish the Covered (Gargoyle Fighter)          Turns: 2388, Time: 00:06:25

Health: -4/33      AC: 12    Str: 19    XL:     5   Next: 98%
Magic:  5/5        EV:  7    Int:  9    God:
Gold:   104        SH: 10    Dex: 10    Spells: 0 memorised, 4 levels left

rFire  . . .     SeeInvis .     a - +1 flail
rCold  . . .     Gourm    .     b - +0 scale mail
rNeg   + . .     Faith    .     c - +1 shield
rPois  ∞         Spirit   .     o - +0 helmet
rElec  +         Reflect  .     (no cloak)
rCorr  .         Harm     .     (no gloves)
MR     .....                    (no boots)
Stlth  ..........               (no amulet)
                                (no ring)
                                (no ring)

@: no status effects
A: negative energy resistance 1, electricity resistance, unbreathing,
petrification resistance, rot immunity, AC +4
a: no special abilities


You were on level 6 of the Dungeon.
You were hungry.

You visited 1 branch of the dungeon, and saw 4 of its levels.

You collected 104 gold pieces.

Inventory:

Hand Weapons
 a - a +1 flail (weapon)
Armour
 b - a +0 scale mail (worn)
 c - a +1 shield (worn)
 o - a +0 helmet (worn)
Jewellery
 h - an uncursed amulet of guardian spirit {unknown}
Wands
 n - a wand of lightning (6/15)
Scrolls
 e - 2 scrolls of enchant weapon
 k - a scroll of remove curse
 l - a scroll of blinking
 m - a scroll of fear
Potions
 d - a potion of might
 j - 2 potions of curing
Comestibles
 f - a bread ration
 g - 3 chunks of flesh
 i - a beef jerky


   Skills:
 + Level 3.8 Fighting
 + Level 3.9 Maces & Flails
 + Level 4.5 Armour
 + Level 1.0 Dodging
 + Level 4.2 Shields


You had 4 spell levels left.
You didn't know any spells.

Dungeon Overview and Level Annotations

Branches:
Dungeon (3/15)

Altars:


Innate Abilities, Weirdness & Mutations

You are resistant to torment.
Your stone body is resilient. (AC +4)
You are immune to poison.
You resist negative energy. (rN+)
You are resistant to electric shocks. (rElec)
You can survive without breathing.
You are immune to petrification.
You are immune to rotting.


Message History

The wight barely misses you.
Some of the chunks of flesh in your inventory have rotted away.
You barely miss the wight.
The wight is almost destroyed.
The wight hits you with an enchanted spear.
The wight barely misses you.
You hit the wight but do no damage.
The wight is almost destroyed.
You block the wight's attack.
You closely miss the wight.
The wight is almost destroyed.
The wight hits you with an enchanted spear.
* * * LOW HITPOINT WARNING * * *
You are too injured to fight recklessly!
You are too injured to fight recklessly!
You are too injured to fight recklessly!
You hit the wight but do no damage.
The wight is almost destroyed.
The wight hits you with an enchanted spear!
You die...

### #.. #.#
#.# # #.#.#
########.#.#
......z)...#
.......@.#
.##.##.###
#. #. ##


You could see a wight.

Vanquished Creatures
  2 wights (D:6)
  2 orc wizards (D:3)
  2 adders (D:2)
  An ooze (D:1)
  A worm (D:2)
  7 orcs (D:3)
  A ball python (D:1)
  7 bats
  3 giant cockroaches
  3 goblins
  8 hobgoblins
  2 quokkas
  4 frilled lizards
  2 kobolds
  13 rats
58 creatures vanquished.

Notes
Turn   | Place    | Note
-------+----------+-------------------------------------------
     0 | D:1      | JeffiDaFish the Gargoyle Fighter began the quest for the Orb.
     0 | D:1      | Reached XP level 1. HP: 14/14 MP: 1/1
   489 | D:1      | Reached XP level 2. HP: 16/19 MP: 2/2
   926 | D:2      | Reached XP level 3. HP: 23/23 MP: 3/3
  1458 | D:2      | Reached XP level 4. HP: 20/28 MP: 4/4
  1649 | D:2      | Found a faded altar of an unknown god.
  2160 | D:3      | Reached skill level 1 in Dodging
  2178 | D:3      | Reached XP level 5. HP: 22/33 MP: 5/5
  2360 | D:3      | You fall through a shaft for 3 floors!
  2388 | D:6      | Slain by a wight

Skill      XL: |  1  2  3  4 |
---------------+-------------+-----
Armour         | 4 |  4.5
Maces & Flails | 3 |  3.9
Dodging        | 1 |  1.0
Shields        | 4 |  4.2
Fighting       | |  3.8

Action                   |  1- 3 |  4- 6 || total
-------------------------+-------+-------++-------
Melee: Flail             |   175 |   125 ||   300
  Use: Potion            |     3 |     3 ||     6
       Scroll            |     6 |     4 ||    10
  Eat: Chunk             |     2 |     3 ||     5
Armor: Scale mail        |   121 |    68 ||   189
Dodge: Dodged            |    51 |    34 ||    85
Block: Shield            |    87 |    63 ||   150
